 Dungeon Crawl Stone Soup version 0.31-a0-1321-g5021b54cb2 (webtiles) character file.

Game seed: 9241408717533916855

11 bmb222 the Sneak (level 2, -1/24 HPs)
             Began as a Formicid Delver on Dec 20, 2023.
             Slain by a worm (4 damage)
             ... on level 3 of the Dungeon.
             The game lasted 00:01:14 (426 turns).

bmb222 the Sneak (Formicid Delver)                   Turns: 426, Time: 00:01:14

Health: -1/24      AC:  5    Str: 16    XL:     2   Next: 40%
Magic:  2/2        EV: 12    Int:  9    God:
Gold:   17         SH:  0    Dex: 15    Spells: 1/1 levels left

rFire   . . .        a - +0 hand axe
rCold   . . .        (no shield)
rNeg    . . .        b - +0 leather armour
rPois   .            (helmet unavailable)
rElec   .            (no cloak)
rCorr   .            g - +0 pair of gloves
SInv    +            h - +0 pair of boots
Will    .....        (no amulet)
Stlth   +++          (no ring)
HPRegen 0.24/turn    (no ring)
MPRegen 0.08/turn

%: no passive effects
@: no status effects
A: permanent stasis, dig shafts and tunnels, antennae 3, four strong arms
a: Dig, Shaft Self


You were on level 3 of the Dungeon.
You visited 1 branch of the dungeon, and saw 3 of its levels.

You collected 17 gold pieces.

Inventory:

Hand Weapons
 a - a +0 hand axe (weapon)
Armour
 b - a +0 leather armour (worn)
 g - a +0 pair of gloves (worn)
 h - a +0 pair of boots (worn)
Wands
 f - a wand of digging (3)
Scrolls
 c - a scroll of fog
 d - a scroll of revelation


   Skills:
 + Level 3.5 Fighting
 + Level 2.2 Axes
 + Level 0.2(1.3) Maces & Flails
 + Level 2.0 Dodging
 - Level 6.1 Stealth


You had one spell level left.
You didn't know any spells.
Your spell library contained the following spells:

 Spells                   Type           Power      Damage    Failure   Level
 Brom's Barrelling Bould  Conj/Erth      0%         2d3       99%         4
 Fireball                 Conj/Fire      0%         3d3       100%        5
 Iskenderun's Battlesphe  Conj           0%         2d6       100%        5
 Conjure Ball Lightning   Conj/Air       0%         3x3d6     100%        6
 Orb of Destruction       Conj           0%         9d5       100%        7


Dungeon Overview and Level Annotations

Branches:
Dungeon (5/15)
 Temple: D:4-7

Altars:
Kikubaaqudgha


Innate Abilities, Weirdness & Mutations

You cannot be hasted, slowed, berserked, paralysed or teleported.
You can dig through walls and to a lower floor.
You have a pair of large antennae on your head. (SInv)
Your four strong arms can wield two-handed weapons with a shield.


Message History

The jackal barely misses you.
You hit the jackal.
You kill the jackal!
You hit the jackal but do no damage.
The jackal bites you but does no damage.
The jackal barely misses you.
Unknown command.
You hit the jackal.
You kill the jackal!
You hit the worm but do no damage. The worm barely misses you.
You hit the worm.
The worm is moderately wounded.
You hit the worm but do no damage.
The worm is moderately wounded.
The worm closely misses you.
You hit the worm.
The worm is heavily wounded.
The worm bites you!
* * * LOW HITPOINT WARNING * * *
You hit the worm but do no damage.
The worm is heavily wounded.
Unknown command.
You hit the worm.
The worm is heavily wounded.
The worm bites you.
* * * LOW HITPOINT WARNING * * *
You hit the worm.
The worm is severely wounded.
The worm barely misses you.
Unknown command.
You barely miss the worm.
The worm is severely wounded.
The worm bites you.
* * * LOW HITPOINT WARNING * * *
You barely miss the worm.
The worm is heavily wounded.
You hit the worm.
The worm is almost dead.
The worm bites you.
You die...

#.# r.# #.##.#
#....#
..#######..######
#..w...>.........
########.......#
##..###(. #†w#
#@)# #..# ####


You could see a worm.

Vanquished Creatures
  2 ball pythons (D:3)
  4 jackals (D:3)
  2 quokkas
  A kobold (D:3)
9 creatures vanquished.

Notes
Turn   | Place    | Note
-------+----------+-------------------------------------------
     0 | D:5      | bmb222 the Formicid Delver began the quest for the Orb.
     0 | D:5      | Reached XP level 1. HP: 18/18 MP: 1/1
   328 | D:5      | Noticed an iguana
   338 | D:4      | Found an ancient bone altar of Kikubaaqudgha.
   352 | D:4      | Noticed an iguana
   380 | D:3      | Reached XP level 2. HP: 6/24 MP: 2/2
   426 | D:3      | Slain by a worm

Illustrated notes

Levels and vault maps discovered:
D:3:      layout_rooms, ashenzari_altar_1, mainiacjoe_overflow_alcove_2,
          cheibriados_altar_1
D:4:      layout_basic, lemuel_round_altar, trog_antimagical, grunt_ministairs_8
D:5:      layout_basic, marbit_many_paths, lemuel_crystal_altar, serial_rivers,
          chequers_serial_rivers_large_b, chequers_serial_rivers_micro_c,
          chequers_serial_rivers_micro_d, chequers_serial_rivers_micro_d,
          chequers_serial_rivers_micro_e

Skill      XL: |  1  2 |
---------------+-------+-----
Dodging        | 2 |  2.0
Fighting       | |  3.5
Axes           | |  2.2
Maces & Flails | |  0.2
Stealth        | |  6.1

Action                     || total
---------------------------++-------
  Melee: Hand axe          ||    33
    Use: Scroll            ||     1
 Armour: Leather armour    ||    19
  Dodge: Dodged            ||    24

Table legend: (Time is in decaauts)
 A = Elapsed time spent in this place.
 B = Non-inter-level travel time spent in this place.
 C = Inter-level travel time spent in this place.
 D = Time resting spent in this place.
 E = Time spent auto-exploring this place.
 F = Levels seen in this place.
 G = Mean time per level.
                   A        B        C        D        E       F      G
               +--------+--------+--------+--------+--------+-----+--------+
         Total |    501 |    277 |    224 |     11 |    142 |   3 |  167.0 |
       Dungeon |    501 |    277 |    224 |     11 |    142 |   3 |  167.0 |
               +--------+--------+--------+--------+--------+-----+--------+

Top non-repeatable levels by time:
     D:5: 408 daAuts
     D:3: 66 daAuts
     D:4: 26 daAuts
